Construct Infanterie Kompanie
Selects Terror Battlegroup
Selects Machine Gun Camouflage
Infanterie Officer Quarters
Construct Luftwaffe Kompanie
Selects Defend the Fatherland
Construct Panzergrenadier Kompanie
Pak 40 Anti-tank Gun Team
Nebelwerfer 42 Rocket Launcher Team
Pak 40 Anti-tank Gun Team
Selects King Tiger Heavy Tank
Construct Panzer Kompanie
Selects Contempt for the Weak
Selects Propaganda Leaflet Drop